 Dungeon Crawl Stone Soup version 0.22-a0-283-g1871b15 (webtiles) character file.

93 Amnesiac the Conjurer (level 4, -2/24 HPs)
             Began as a Tengu Air Elementalist on Mar 20, 2018.
             Slain by a worker ant (7 damage)
             ... on level 2 of the Dungeon.
             The game lasted 00:02:47 (1650 turns).

Amnesiac the Conjurer (Tengu Air Elementalist)      Turns: 1650, Time: 00:02:47

Health: -2/24      AC:  2    Str:  8    XL:     4   Next: 62%
Magic:  3/8        EV: 13    Int: 16    God:
Gold:   146        SH:  0    Dex: 15    Spells: 6/7 levels left

rFire    + . .     SeeInvis .   (no weapon)
rCold    . . .     Gourm    .   (no shield)
rNeg     + . .     Faith    .   a - +0 robe
rPois    .         Spirit   .   (helmet restricted)
rElec    .         Reflect  .   (no cloak)
rCorr    .         Harm     .   (no gloves)
MR       .....                  (boots unavailable)
Stlth    ++........             f - amulet of magic regeneration
HPRegen  0.08/turn              k - ring of positive energy
MPRegen  0.36/turn              b - ring of protection from fire

@: no status effects
A: beak, talons 3
a: no special abilities


You were on level 2 of the Dungeon.
You were not hungry.

You visited 1 branch of the dungeon, and saw 2 of its levels.

You collected 146 gold pieces.

Inventory:

Armour
 a - a +0 robe (worn)
Jewellery
 b - a ring of protection from fire (right hand)
 f - an amulet of magic regeneration (around neck)
 k - a ring of positive energy (left hand)
 l - an uncursed amulet of guardian spirit
Scrolls
 h - a scroll of teleportation {!r, unknown}
 n - a scroll of random uselessness {!r, unknown}
Potions
 e - a potion of invisibility {!q, unknown}
 g - a potion of flight {!q, unknown}
 i - a potion of heal wounds {!q, unknown}
 j - a potion of degeneration {!q, unknown}
 m - a potion of lignification {!q, unknown}
Comestibles
 c - 3 rations
 d - 6 chunks of flesh


   Skills:
 + Level 0.8 Fighting
 - Level 2.1 Dodging
 - Level 2.0 Stealth
 + Level 2.3 Spellcasting
 * Level 4.6 Conjurations
 * Level 4.6 Air Magic


You had 6 spell levels left.
You knew the following spells:

 Your Spells              Type           Power        Failure   Level  Hunger
a - Shock                 Conj/Air       ###.         3%          1    #......


Dungeon Overview and Level Annotations

Branches:
Dungeon (2/15)

Altars:
Gozag
Makhleb
Vehumet


Innate Abilities, Weirdness & Mutations

You have a beak for a mouth.
You have claws for feet.


Message History

j - a metallic pink potion {!q}
Casting: Shock (safe; 3% risk of failure)
Confirm with . or Enter, or press ? or * to list all spells.
You can't see any susceptible monsters within range! (Use Z to cast anyway.)
A worker ant comes into view.
Casting: Shock (safe; 3% risk of failure)
Confirm with . or Enter, or press ? or * to list all spells.
Aiming: Shock (safe; 3% risk of failure)
Press: ? - help, Shift-Dir - straight line, f - worker ant
Aim: a worker ant (resting)
The zap hits the worker ant.
The worker ant is lightly wounded.
A worker ant is nearby!
Casting: Shock (safe; 3% risk of failure)
Confirm with . or Enter, or press ? or * to list all spells.
Aiming: Shock (safe; 3% risk of failure)
Press: ? - help, Shift-Dir - straight line, f/p - worker ant
Aim: a worker ant (lightly wounded)
The zap hits the worker ant.
The worker ant is heavily wounded.
A worker ant is nearby!
Casting: Shock (safe; 3% risk of failure)
Confirm with . or Enter, or press ? or * to list all spells.
Aiming: Shock (safe; 3% risk of failure)
Press: ? - help, Shift-Dir - straight line, f/p - worker ant
Aim: a worker ant (heavily wounded)
The zap hits the worker ant.
The worker ant is heavily wounded.
The worker ant bites you but does no damage.
A worker ant is nearby!
Casting: Shock (safe; 3% risk of failure)
Confirm with . or Enter, or press ? or * to list all spells.
Aiming: Shock (safe; 3% risk of failure)
Press: ? - help, Shift-Dir - straight line, f/p - worker ant
Aim: a worker ant (heavily wounded)
The zap hits the worker ant.
The worker ant is heavily wounded.
The worker ant bites you.
Casting: Shock (safe; 3% risk of failure)
Confirm with . or Enter, or press ? or * to list all spells.
Aiming: Shock (safe; 3% risk of failure)
Press: ? - help, Shift-Dir - straight line, f/p - worker ant
Aim: a worker ant (heavily wounded)
The zap misses the worker ant.
The worker ant barely misses you. The worker ant bites you!
* * * LOW HITPOINT WARNING * * *
Casting: Shock (safe; 3% risk of failure)
Confirm with . or Enter, or press ? or * to list all spells.
Aiming: Shock (safe; 3% risk of failure)
Press: ? - help, Shift-Dir - straight line, f/p - worker ant
Aim: a worker ant (heavily wounded)
The zap hits the worker ant.
The worker ant is severely wounded.
The worker ant bites you.
* * * LOW HITPOINT WARNING * * *
Casting: Shock (safe; 3% risk of failure)
Confirm with . or Enter, or press ? or * to list all spells.
Aiming: Shock (safe; 3% risk of failure)
Press: ? - help, Shift-Dir - straight line, f/p - worker ant
Aim: a worker ant (severely wounded)
The zap hits the worker ant.
The worker ant is almost dead.
The worker ant bites you!
You die...

########.#.#..##.########
.........#.#..##.#
#######..#.#..##.# #####
#..#.#..##.# #....
#..#.#..##.# #....
#..#.#...#.# #....
#..#.#...#.####....
#..................
##@..#...######....
......a.......# #.....
########......# #.####
......#####.....
.##.............
.##.............
.##.............
.##.............
.)..............


You could see a worker ant.

Vanquished Creatures
  4 gnolls (D:2)
  An adder (D:2)
  A worm (D:2)
  3 dart slugs (D:1)
  3 leopard geckos (D:1)
  3 giant cockroaches (D:1)
  5 goblins
  3 hobgoblins
  A kobold (D:2)
  2 ball pythons
  3 bats
  2 frilled lizards (D:1)
  5 rats
36 creatures vanquished.

Notes
Turn   | Place    | Note
-------+----------+-------------------------------------------
     0 | D:1      | Amnesiac the Tengu Air Elementalist began the quest for the Orb.
     0 | D:1      | Reached XP level 1. HP: 10/10 MP: 4/4
   156 | D:1      | Reached XP level 2. HP: 14/15 MP: 0/6
   799 | D:1      | Reached XP level 3. HP: 19/19 MP: 5/7
  1348 | D:2      | Reached XP level 4. HP: 24/24 MP: 4/8
  1391 | D:2      | Found a burning altar of Makhleb.
  1413 | D:2      | Found a radiant altar of Vehumet.
  1546 | D:2      | Found an opulent altar of Gozag.
  1650 | D:2      | Slain by a worker ant

Vault maps used:
D:1:      saegor_arrival_miasma
D:2:      grunt_temple_overflow_order_and_chaos_2,
          nicolae_overflow_crystal_walls, grunt_gozag_breadcrumbs

Skill      XL: |  1  2  3 |
---------------+----------+-----
Conjurations   | 2 3 4 |  4.6
Fighting       | |  0.8
Dodging        | |  2.1
Stealth        | |  2.0
Spellcasting   | |  2.3
Air Magic      | |  4.6

Action                   |  1- 3 |  4- 6 || total
-------------------------+-------+-------++-------
Melee: Unarmed           |    14 |       ||    14
       Peck              |     2 |       ||     2
 Cast: Shock             |    52 |    24 ||    76
  Use: Scroll            |     2 |       ||     2
  Eat: Chunk             |     2 |     1 ||     3
Armor: Robe              |     3 |     1 ||     4
Dodge: Dodged            |    12 |     5 ||    17

Table legend:
 A = Spawn XP
 B = Non-spawn XP
 C = Spawn XP percentage of total XP
 D = Spawn monster count
 E = Non-spawn monster count
 F = Spawn count percentage of total count
 G = Total turns spent on level
                    A         B        C        D         E        F      G
               +---------+---------+-------+---------+---------+-------+---------
         Total |       0 |     134 |   0.0 |       0 |      36 |   0.0 |  1650
               +---------+---------+-------+---------+---------+-------+---------
           D:1 |       0 |      46 |   0.0 |       0 |      22 |   0.0 |  1177
           D:2 |       0 |      88 |   0.0 |       0 |      14 |   0.0 |   473
               +---------+---------+-------+---------+---------+-------+---------
